Map: [ESL] Royal Blood

Players

Has

  • Race: Protoss Protoss
  • Spawn Location: 1:00

MeomaikA - Winner!

  • Race: Zerg Zerg
  • Spawn Location: 7:00

Event: ESL SC2 Masters 2023 Summer (Regionals)

VOD

Have the link to the VOD?

Description

Time

  • Played on: May 7, 2023, 7:15 a.m.
  • Length: 10:44

All games in this series

Show
View Real Time Build Order
Export as new Build Order

Has Protoss 

Build Orders: 1 Gate Expand 

Get SALT Encoding   

  12  0:00  Probe  
  13  0:12  Probe  
  14  0:19  Pylon  
  14  0:24  Probe (Chrono Boost)  
  15  0:32  Assimilator  
  15  0:38  Probe (Chrono Boost)  
  16  0:43  Gateway  
  16  0:46  Probe (Chrono Boost)  
  17  0:53  Probe  
  18  1:05  Probe  
  19  1:17  Probe  
  20  1:22  Nexus  
  20  1:32  Cybernetics Core  
  20  1:35  Probe  
  21  1:41  Zealot (Chrono Boost)  
  23  1:50  Pylon  
  23  2:08  Probe (Chrono Boost), Warp Gate  
  24  2:13  Assimilator  
  24  2:19  Probe (Chrono Boost)  
  24  2:21  Twilight Council  
  25  2:24  Probe (Chrono Boost)  
  26  2:34  Probe  
  26  2:36  Probe  
  28  2:46  Probe  
  28  2:49  Probe, Robotics Facility  
  30  2:53  Pylon  
  30  2:58  Probe  
  31  3:01  Probe  
  31  3:02  Charge (Chrono Boost)  
  32  3:10  Probe  
  32  3:13  Probe, Gateway  
  32  3:16  Gateway  
  33  3:22  Gateway  
  33  3:25  Probe  
  34  3:30  Gateway  
  34  3:35  Gateway  
  34  3:41  Warp Prism (Chrono Boost)  
  36  3:49  Gateway  
  36  3:53  Probe x2  
  38  3:58  Zealot  
  40  4:05  Pylon  
  41  4:12  Zealot  
  41  4:13  Zealot  
  44  4:18  Pylon, Zealot x2  
  48  4:32  Zealot x2  
  48  4:33  Zealot x2  
  56  4:38  Zealot x2  
  58  4:53  Probe x2  
  58  4:58  Zealot x5  
  70  5:01  Pylon  
  70  5:04  Pylon  
  70  5:19  Probe x2  
  72  5:23  Robotics Bay  
  72  5:31  Zealot  
  72  5:32  Zealot x5  
  72  5:33  Zealot  
  86  5:36  Pylon  
  86  5:41  Pylon  
  86  5:56  Pylon  
  84  6:08  Disruptor (Chrono Boost)  
  84  6:09  Pylon  
  84  6:10  Stalker  
  89  6:15  Pylon  
  89  6:21  Zealot x6  
  93  6:38  Disruptor (Chrono Boost)  
  78  6:47  Zealot x4  
  78  6:48  Zealot x2  
  86  7:04  Disruptor (Chrono Boost)  
  80  7:10  Zealot x3  
  80  7:11  Zealot x3  
  58  7:27  Zealot  
  58  7:31  Zealot x4  
  66  7:37  Disruptor (Chrono Boost)  
  69  7:44  Zealot x2  
  69  7:48  Gateway  
  73  7:57  Zealot  
  73  7:58  Zealot x2  
  79  8:03  Disruptor (Chrono Boost)  
  82  8:23  Zealot x5  
  82  8:24  Zealot  
  66  8:50  Zealot x2  
  66  8:51  Zealot x5  
  50  9:11  Zealot x3  
  50  9:12  Zealot x4  
  60  9:23  Pylon  
  63  9:30  Disruptor (Chrono Boost)  
  63  9:39  Zealot x2  
  63  9:40  Zealot x3  
  67  9:54  Zealot  
  50  10:00  Zealot x4  
  46  10:12  Zealot x2  
  45  10:20  Zealot x2  
  46  10:24  Zealot  
  41  10:31  Zealot  
  42  10:37  Zealot  
Show
View Real Time Build Order
Export as new Build Order

MeomaikA Zerg - Winner!

Build Orders: Pool First 

Get SALT Encoding   

  12  0:00  Drone  
  13  0:12  Overlord  
  13  0:16  Drone  
  14  0:31  Drone x2  
  16  0:41  Spawning Pool  
  15  0:43  Drone  
  15  0:49  Drone  
  17  1:09  Hatchery  
  17  1:11  Drone  
  17  1:13  Extractor  
  17  1:15  Drone  
  17  1:24  Drone  
  18  1:29  Queen  
  18  1:32  Drone  
  21  1:40  Overlord  
  21  1:49  Drone  
  22  2:00  Drone  
  23  2:05  Queen  
  25  2:12  Drone  
  25  2:14  Metabolic Boost  
  26  2:21  Drone  
  26  2:22  Drone  
  30  2:31  Drone  
  30  2:32  Drone  
  30  2:36  Drone x2  
  30  2:37  Drone  
  33  2:47  Hatchery  
  33  2:49  Drone x2  
  34  2:55  Drone x2  
  36  3:03  Overlord  
  36  3:06  Overlord  
  36  3:11  Roach Warren  
  36  3:12  Extractor  
  34  3:13  Drone  
  34  3:16  Drone  
  36  3:21  Lair  
  36  3:23  Drone x2  
  36  3:25  Drone  
  39  3:29  Drone x2  
  39  3:30  Drone  
  42  3:38  Overlord  
  42  3:46  Overlord x2  
  42  3:51  Roach x3  
  42  3:52  Roach  
  42  3:55  Roach  
  52  3:57  Roach  
  52  4:00  Roach  
  58  4:02  Roach  
  58  4:04  Roach  
  60  4:10  Roach  
  60  4:12  Zergling x4  
  60  4:13  Zergling x4  
  60  4:16  Zergling x2  
  67  4:20  Glial Reconstitution  
  67  4:22  Zergling x2  
  67  4:23  Zergling x2  
  67  4:24  Zergling x4  
  70  4:26  Zergling x2  
  70  4:28  Zergling x2  
  73  4:31  Zergling x2  
  73  4:32  Overseer  
  73  4:35  Queen  
  73  4:38  Drone  
  77  4:39  Drone  
  77  4:43  Roach  
  77  4:44  Roach  
  82  4:51  Overlord  
  82  4:52  Overlord, Zergling x2  
  81  5:11  Roach x4  
  81  5:12  Roach x3  
  81  5:14  Zergling x4  
  97  5:31  Overlord  
  97  5:32  Overlord x2  
  97  5:35  Spine Crawler  
  97  5:36  Drone  
  97  5:37  Overlord  
  97  5:51  Roach x8  
  113  5:57  Zergling x2  
  113  5:58  Zergling x2  
  113  5:59  Zergling x4  
  113  6:03  Roach x2  
  121  6:04  Roach  
  121  6:05  Overlord, Drone  
  121  6:06  Zergling x2  
  121  6:08  Zergling x2  
  121  6:10  Zergling x2  
  127  6:12  Roach  
  127  6:16  Overlord  
  127  6:17  Overseer  
  129  6:23  Roach  
  131  6:26  Roach  
  131  6:32  Roach  
  132  6:35  Roach  
  132  6:38  Drone x8  
  141  6:41  Roach  
  141  6:42  Drone  
  141  6:43  Drone  
  141  6:45  Drone  
  141  6:53  Spine Crawler  
  138  7:05  Zergling x2  
  138  7:06  Zergling x8  
  138  7:07  Zergling x2  
  137  7:10  Zergling x2  
  137  7:11  Zergling x4  
  137  7:12  Zergling x4  
  110  7:17  Zergling x2  
  110  7:21  Drone  
  108  7:23  Zergling x2  
  108  7:25  Evolution Chamber x2  
  108  7:27  Zergling x2  
  108  7:31  Zergling x2  
  108  7:33  Hatchery  
  108  7:36  Zergling x2  
  103  7:40  Roach x2  
  103  7:41  Roach x2  
  103  7:42  Overseer  
  103  7:43  Roach  
  107  7:44  Roach  
  107  7:48  Queen  
  107  7:50  Zergling x2, Zerg Melee Weapons Level 1  
  107  7:51  Zergling x4  
  114  7:52  Zergling x2  
  114  7:54  Extractor  
  114  7:55  Zerg Missile Weapons Level 1, Drone x2  
  116  7:58  Queen  
  116  8:01  Drone  
  116  8:05  Roach  
  121  8:07  Roach  
  121  8:12  Roach  
  125  8:16  Roach  
  125  8:17  Roach  
  125  8:19  Overlord  
  129  8:23  Roach, Zergling x8  
  129  8:24  Zergling x6  
  137  8:30  Roach  
  137  8:32  Roach  
  143  8:34  Roach, Queen  
  136  8:42  Zergling x2  
  136  8:43  Roach x2  
  136  8:45  Roach  
  136  8:46  Zergling x4  
  136  8:47  Zergling x6  
  136  8:48  Zergling x2  
  129  8:49  Zergling x2  
  129  8:50  Zergling x2  
  129  8:53  Drone  
  132  8:56  Drone x3  
  132  8:57  Drone  
  132  9:02  Zergling x2  
  122  9:06  Zergling x4  
  104  9:10  Queen  
  104  9:11  Zergling x2  
  104  9:12  Zergling x4  
  104  9:13  Roach x2  
  104  9:14  Drone x2  
  104  9:15  Drone  
  104  9:16  Zergling x2  
  116  9:17  Zergling x2  
  116  9:19  Zergling x2  
  116  9:21  Zergling x4  
  116  9:22  Zergling x2  
  122  9:24  Zergling x2  
  122  9:28  Zergling x4  
  122  9:31  Zergling x2  
  125  9:35  Zergling x2  
  125  9:39  Zergling x2  
  125  9:40  Zergling x2  
  125  9:41  Zergling x2  
  125  9:45  Zergling x4  
  125  9:46  Drone  
  125  9:48  Zergling x2  
  125  9:49  Zergling x2  
  125  9:50  Roach  
  125  9:52  Zergling x2  
  115  9:54  Nydus Network  
  115  9:57  Queen  
  115  9:58  Drone  
  109  10:00  Zergling x2  
  109  10:01  Zergling x2  
  109  10:03  Zergling x2  
  98  10:09  Zergling x2  
  98  10:11  Zergling x4  
  98  10:13  Zergling x2  
  95  10:19  Zergling x2  
  97  10:22  Zergling x10  
  97  10:23  Zergling x4  
  97  10:24  Zergling x2  
  106  10:38  Nydus Canal  
Tags
 
Add a new tag
Caveats
  • Supply blocks, unpowered buildings, or Contaminate may cause inaccurate times.
  • Supply counts are checked every 10 seconds.